 Dungeon Crawl Stone Soup version 0.29-a0-841-g116ddc6ace (webtiles) character file.

Game seed: 9000940407996034213

1460 polve the Transmogrifier (level 8, -13/59 HPs)
             Began as a Red Draconian Transmuter on July 14, 2022.
             Killed from afar by a gargoyle (25 damage)
             ... with a stone arrow
             ... in a bailey.
             The game lasted 00:14:06 (9544 turns).

polve the Transmogrifier (Red Draconian Transmuter) Turns: 9544, Time: 00:14:07

Health: -13/59     AC:  6    Str: 10 (12) XL:     8   Next: 48%
Magic:  20/20      EV: 12    Int: 18 (19) God:
Gold:   1027       SH:  5    Dex: 18 (19) Spells: 1/11 levels left

rFire   + . .      SeeInvis .     - Unarmed
rCold   . . .      Faith    .   (no shield)
rNeg    . . .      Spirit   .   (body armour unavailable)
rPois   .          Reflect  +   (helmet currently unavailable)
rElec   .          Harm     .   (no cloak)
rCorr   .          Rampage  .   (no gloves)
Will    .....                   (boots currently unavailable)
Stlth   ++........              b - amulet "Lyzul" {Reflect Int+4 SH+5}
HPRegen 0.19/turn               c - +6 ring of dexterity
MPRegen 0.17/turn               x - ring of magical power

@: short of breath, appendages
A: horns 2, talons 2, breathe fire, AC +6, unfitting armour, fire resistance 1,
cold-blooded
a: Breathe Fire, End Transformation


You were in a bailey.
You had temporarily grown beastly horns and talons.
You visited 1 branch of the dungeon, and saw 7 of its levels.
You also visited: Bailey.

You collected 1057 gold pieces.
You spent 30 gold pieces at shops.

Inventory:

Armour
 e - a +1 pair of boots (melded)
Jewellery
 b - the amulet "Lyzul" (around neck) {Reflect Int+4 SH+5}
   (You acquired it on level 6 of the Dungeon)

   [amulet of reflection]

   It reflects blocked missile attacks.
   Int:       It affects your intelligence (+4).
   SH:        It affects your SH (+5).
 c - a +6 ring of dexterity (left hand)
 g - a ring of protection from fire
 x - a ring of magical power (right hand)
Wands
 m - a wand of flame (23)
 s - a wand of mindburst (14)
 v - a wand of paralysis (4)
Scrolls
 d - a scroll of identify
 i - 3 scrolls of blinking
 j - 3 scrolls of enchant weapon
 l - a scroll of poison {unknown}
 n - 2 scrolls of amnesia
 o - a scroll of vulnerability {unknown}
 p - 2 scrolls of teleportation
 w - a scroll of torment {unknown}
Potions
 a - a potion of lignification
 f - 3 potions of flight
 k - a potion of attraction
 u - 2 potions of degeneration


   Skills:
 - Level 1.1 Fighting
 - Level 1.7 Dodging
 - Level 3.0 Unarmed Combat
 - Level 2.0 Spellcasting
 + Level 10.8 Transmutations


You had one spell level left.
You knew the following spells:

 Your Spells              Type           Power      Damage    Failure   Level
a - Beastly Appendage     Tmut           80%        N/A       1%          1
b - Wereblood             Tmut           40%        N/A       1%          2
c - Spider Form           Tmut/Pois      21%        N/A       6%          3
d - Ice Form              Ice/Tmut       21%        N/A       21%         4

Your spell library contained the following spells:

 Spells                   Type           Power      Damage    Failure   Level
 Freeze                   Ice            4%         1d3       19%         1
 Magic Dart               Conj           4%         1d3       19%         1
 Scorch                   Fire           2%         2d5       26%         2
 Searing Ray              Conj           2%         2d4       26%         2
 Frozen Ramparts          Ice            2%         1d2       47%         3
 Flame Wave               Conj/Fire      1%         2d4       87%         4
 Fulminant Prism          Conj/Hex       0%         3d6       87%         4
 Hailstorm                Conj/Ice       1%         3d3       87%         4
 Summon Cactus Giant      Summ           0%         N/A       100%        6


Dungeon Overview and Level Annotations

Branches:
Dungeon (7/15)             Bailey (1/1)
 Temple: D:4-7

Altars:
Gozag
Ru
Uskayaw
Wu Jian

Shops:
D:4 ([*[***

Annotations:
D:6 2 transporters


Innate Abilities, Weirdness & Mutations

You have temporarily grown beastly horns and talons.
You can breathe blasts of fire.
Your fiery red scales are hard. (AC +6)
You cannot fit into any form of body armour.
Your flesh is heat resistant. (rF+)
You are cold-blooded and may be slowed by cold attacks.


Message History

Aim: a gargoyle, wielding a +0 morningstar (85% to hit)
You breathe a blast of fire.
The fiery breath hits the gargoyle!
The gargoyle is moderately damaged.
Casting: Beastly Appendage (safe; 1% risk of failure)
Confirm with . or Enter, or press ? or * to list all spells.
You grow a pair of large bovine horns.
Your feet morph into talons.
Your +1 pair of boots melds into your body.
You barely miss the gargoyle. You claw the gargoyle.
The gargoyle is heavily damaged.
The gargoyle misses you.
You hit the gargoyle. Your kick misses the gargoyle.
The gargoyle is heavily damaged.
The gargoyle hits you with a +0 morningstar!!
You hit the gargoyle but do no damage.
You claw the gargoyle, but do no damage.
The gargoyle is heavily damaged.
The gargoyle misses you.
You hit the gargoyle but do no damage.
You claw the gargoyle, but do no damage.
The gargoyle is heavily damaged.
The gargoyle hits you with a +0 morningstar!!
You hit the gargoyle but do no damage.
The gargoyle is heavily damaged.
The gargoyle hits you with a +0 morningstar.
You hit the gargoyle but do no damage.
You claw the gargoyle, but do no damage.
Your headbutt misses the gargoyle.
The gargoyle is heavily damaged.
You block the gargoyle's attack.
You hit the gargoyle but do no damage.
You claw the gargoyle, but do no damage.
You headbutt the gargoyle, but do no damage.
The gargoyle is heavily damaged.
The gargoyle hurls a stone arrow at you.
The stone arrow hits you!
* * * LOW HITPOINT WARNING * * *
It was a potion of curing.
You feel better.
The gargoyle hurls a stone arrow at you.
The stone arrow hits you!!
You die...

#'####..♣♣......##'###
#.........).....#).#
#....♣...♣......'..#
##...♣...♣.♣....####
.....#................#
♣....#...........)....#
♣....##........#.)#...#
♣.....#'#####)##9.#...#
....Z.#.......##@.#...#
...8.Z#.....).##))#...#
≈...8.#+########..#...#
≈≈.............#..#####♣♣♣
≈≈≈≈≈≈≈≈≈≈≈≈≈≈≈#))#≈≈≈≈≈≈♣
♣♣≈≈≈≈≈≈≈≈≈≈≈≈≈#.)#≈≈≈≈≈≈♣
♣♣♣♣♣♣♣♣♣#....#..#....#
##..........##
###....).###


You could see a gargoyle.

Vanquished Creatures
  Menkaure (D:4)
  2 ice beasts (D:5)
  A centaur (D:6)
  A bullfrog (D:6)
  A gnoll sergeant (D:6)
  A necrophage (D:6)
  2 scorpions
  3 wights (D:6)
  3 wolf zombies (Bailey)
  A jelly (D:4)
  3 orc priests
  An iguana (D:5)
  2 orc wizards (D:4)
  Robin (D:3)
  7 gnolls (D:6)
  2 adders
  2 shadow imps (D:6)
  2 white imps
  2 ufetubi (D:5)
  A worm (D:2)
  3 dart slugs
  13 orcs
  6 bats
  6 endoplasms
  A giant cockroach (D:3)
  9 goblins
  12 hobgoblins
  7 jackals
  6 kobolds
  4 quokkas
  6 ball pythons
  4 frilled lizards
  17 orc zombies (Bailey)
  4 rats
  A spectral kobold (D:3)
138 creatures vanquished.

Vanquished Creatures (others)
  A ghoul (D:1)
  A minotaur (D:1)
  A draconian (D:1)
  An octopode (D:1)
  2 gargoyles (D:1)
  A demigod (D:1)
  A naga (D:1)
  An ogre (D:1)
  2 gnolls (D:1)
  An orc (D:1)
  13 tentacles (D:1)
25 creatures vanquished.

Grand Total: 163 creatures vanquished

Notes
Turn   | Place    | Note
-------+----------+-------------------------------------------
     0 | D:1      | polve the Draconian Transmuter began the quest for the Orb.
     0 | D:1      | Reached XP level 1. HP: 16/16 MP: 3/3
     0 | D:1      | Noticed a naga
     0 | D:1      | Noticed a gargoyle
     0 | D:1      | Noticed a draconian
     0 | D:1      | Noticed a ghoul
     0 | D:1      | Noticed a kraken
     0 | D:1      | Noticed a demigod
     0 | D:1      | Noticed an octopode
     0 | D:1      | Noticed a minotaur
     0 | D:1      | Noticed an ogre
     0 | D:1      | Noticed a gargoyle
     3 | D:1      | Killed a gargoyle
     3 | D:1      | Killed an ogre
     5 | D:1      | Killed a demigod
     6 | D:1      | Killed a gargoyle
     6 | D:1      | Killed a naga
     7 | D:1      | Killed an octopode
     8 | D:1      | Killed a draconian
    14 | D:1      | Killed a ghoul
    18 | D:1      | Killed a minotaur
   297 | D:1      | Reached XP level 2. HP: 23/23 MP: 5/5
   413 | D:1      | Reached skill level 3 in Transmutations
   920 | D:1      | Learned a level 2 spell: Wereblood
  1026 | D:1      | Reached XP level 3. HP: 21/28 MP: 6/6
  1340 | D:2      | You fall into a shaft and drop 1 floor!
  1676 | D:2      | Reached skill level 4 in Transmutations
  1880 | D:2      | Learned a level 3 spell: Spider Form
  2310 | D:3      | Noticed Robin
  2328 | D:3      | Killed Robin
  2329 | D:3      | Reached XP level 4. HP: 33/35 MP: 4/7
  2526 | D:3      | Found a faded altar of an unknown god.
  2874 | D:3      | Reached skill level 5 in Transmutations
  3271 | D:4      | Found Kuquwepru's General Store.
  3364 | D:3      | Reached XP level 5. HP: 40/40 MP: 6/8
  3652 | D:4      | Bought a scroll of teleportation for 30 gold pieces
  3878 | D:4      | Found Wofoqyr's Assorted Antiques.
  3889 | D:4      | Found Xuifaesk's Armour Boutique.
  3890 | D:4      | Found Zoqoza's Antique Weapon Boutique.
  3891 | D:4      | Found Xirror's Armour Boutique.
  3915 | D:4      | Reached skill level 6 in Transmutations
  3920 | D:4      | Reached XP level 6. HP: 21/47 MP: 7/9
  4186 | D:4      | Found an opulent altar of Gozag.
  4186 | D:4      | Found Gozag's Platinum Reserve.
  4252 | D:4      | Noticed Menkaure
  4276 | D:4      | Killed Menkaure
  4277 | D:4      | Reached skill level 7 in Transmutations
  4541 | D:4      | Found Xiahudgh's General Store.
  5230 | D:5      | Entered Level 5 of the Dungeon
  5742 | D:5      | Noticed an ice beast
  5791 | D:5      | Killed an ice beast
  5792 | D:5      | Reached skill level 8 in Transmutations
  5792 | D:5      | Your scales start taking on a fiery red colour.
  5792 | D:5      | Reached XP level 7. HP: 28/52 MP: 10/10
  5792 | D:5      | Gained mutation: Your flesh is heat resistant. (rF+) [Red
                  | Draconian growth]
  6702 | D:6      | Noticed a troll
  6702 | D:6      | Noticed a six-headed hydra
  6704 | D:6      | Found an ornate altar of the Wu Jian Council.
  6704 | D:6      | Found a transporter.
  6875 | D:6      | Reached skill level 9 in Transmutations
  7042 | D:6      | Reached XP level 8. HP: 50/59 MP: 11/11
  7189 | D:6      | Found a hide-covered altar of Uskayaw.
  7374 | D:6      | Found a sacrificial altar of Ru.
  7804 | D:6      | Found a transporter.
  7879 | D:6      | Reached skill level 10 in Transmutations
  8356 | D:6      | Learned a level 4 spell: Ice Form
  8357 | D:6      | Identified 2 scrolls of acquirement
  8360 | D:6      | Acquired 797 gold pieces
  8361 | D:6      | Acquired the amulet "Lyzul" {Reflect Int+4 SH+5}
  8532 | D:7      | Found a flagged portal.
  8556 | Bailey   | Entered a bailey
  8598 | Bailey   | HP: 1/59 [orc warrior zombie/+0 trident (12)]
  9506 | Bailey   | Noticed a gargoyle
  9544 | Bailey   | Killed from afar by a gargoyle

Illustrated notes

Levels and vault maps discovered:
D:1:      nicolae_arrival_kraken_aquarium_a, layout_basic, nicolae_titane
D:2:      layout_rooms
D:3:      layout_basic, dreamdust_ecumenical_altar_drowned_temple, uniq_robin
D:4:      layout_basic, nicolae_gozag_zags_fifth_avenue, serial_shops,
          nicolae_stop_n_shop_1, nicolae_shop_hallway_stairs,
          minmay_shop_grid_forest, uniq_menkaure
D:5:      layout_loops_ring, grunt_decor_junction
D:6:      layout_rooms, gammafunk_temple_overflow_arena,
          mainiacjoe_overflow_surrounded_room, nicolae_overflow_hidden_temple,
          serial_co_window_serial, co_window_corner_a,
          co_window_of_opportunity_a, co_window_of_opportunity_a,
          co_window_paths_a, co_window_paths_a, co_window_of_opportunity_b,
          co_window_broadway_b, co_window_broadway_a, co_window_corner_cb,
          co_window_corner_cb, glass_columns_a, glass_columns_a,
          glass_columns_b, glass_columns_b
D:7:      nicolae_BIG_FREAKIN_CUBE, layout_basic,
          mainiacjoe_overflow_cross_hatched, marbit_many_paths,
          minmay_temple_entry_statues_fountains, enter_bailey_2
Bailey:   bailey_polearm_vampire_castle_hellmonk, bailey

Skill      XL: |  1  2  3  4  5  6  7  8 |
---------------+-------------------------+-----
Transmutations | 3 4 5 6 8 9 10 | 10.8
Fighting       | |  1.1
Dodging        | |  1.7
Unarmed Combat | |  3.0
Spellcasting   | |  2.0

Action                   |  1- 3 |  4- 6 |  7- 9 || total
-------------------------+-------+-------+-------++-------
Melee: Unarmed           |   156 |   162 |   161 ||   479
       Tailslap          |    15 |    18 |    30 ||    63
       Headbutt          |    14 |    19 |    25 ||    58
       Kick              |    10 |    32 |    51 ||    93
       Punch             |     4 |     4 |     4 ||    12
 Cast: Beastly Appendage |     9 |    12 |    16 ||    37
       Wereblood         |     1 |     3 |     6 ||    10
 Abil: Breathe Fire      |       |       |    22 ||    22
  Use: Potion            |       |     3 |     4 ||     7
       Scroll            |       |       |     6 ||     6
 Stab: Sleeping          |     3 |       |       ||     3
Armor: Skin              |    59 |    50 |    40 ||   149
Dodge: Dodged            |   129 |    76 |   106 ||   311
Block: Other             |       |       |    16 ||    16

Table legend: (Time is in decaauts)
 A = Elapsed time spent in this place.
 B = Non-inter-level travel time spent in this place.
 C = Inter-level travel time spent in this place.
 D = Time resting spent in this place.
 E = Time spent auto-exploring this place.
 F = Levels seen in this place.
 G = Mean time per level.
                   A        B        C        D        E       F      G
               +--------+--------+--------+--------+--------+-----+--------+
         Total |   9530 |   9338 |    192 |    843 |   7277 |   8 | 1191.2 |
       Dungeon |   8546 |   8354 |    192 |    607 |   6741 |   7 | 1220.9 |
        Bailey |    984 |    984 |      0 |    236 |    536 |   1 |  984.0 |
               +--------+--------+--------+--------+--------+-----+--------+

Top non-repeatable levels by time:
     D:6: 1888 daAuts
     D:4: 1722 daAuts
     D:3: 1491 daAuts
     D:1: 1336 daAuts
     D:5: 1263 daAuts
  Bailey: 984 daAuts
     D:2: 695 daAuts
     D:7: 147 daAuts
